 Dungeon Crawl Stone Soup version 0.24.0-37-gcf1ca852f1 (webtiles) character file.

Game seed: 11870063944577362797, levelgen mode: deterministic

829 FishyPogo the Insei (level 7, -10/53 HPs)
             Began as a Gnoll Transmuter on Dec 7, 2019.
             Was a Believer of Okawaru.
             Killed by divine providence
             ... invoked by an orc priest
              (15 damage)
             ... on level 6 of the Dungeon.
             The game lasted 00:12:51 (3910 turns).

FishyPogo the Insei (Gnoll Transmuter)              Turns: 3910, Time: 00:12:52

Health: -10/53     AC:  2    Str: 12    XL:     7   Next: 97%
Magic:  15/15      EV: 25    Int: 15    God:    Okawaru [**....]
Gold:   284        SH:  0    Dex: 23    Spells: 13/17 levels left

rFire    . . .     SeeInvis .     - Unarmed
rCold    . . .     Gourm    .   (shield currently unavailable)
rNeg     + . .     Faith    .   (armour currently unavailable)
rPois    x         Spirit   .   (helmet currently unavailable)
rElec    .         Reflect  .   (cloak currently unavailable)
rCorr    .         Harm     +   (gloves currently unavailable)
MR       .....                  (boots currently unavailable)
Stlth    +++.......             l - amulet of harm
HPRegen  0.17/turn              p - ring of positive energy
MPRegen  0.14/turn              (no ring)

@: spider-form
A: tiny, distributed training, strong nose
a: End Transformation, Heroism, Renounce Religion


You were on level 6 of the Dungeon.
You worshipped Okawaru.
Okawaru was pleased with you.
You were not hungry.
You were a venomous arachnid creature.
You visited 1 branch of the dungeon, and saw 6 of its levels.

You collected 284 gold pieces.

Inventory:

Hand Weapons
 m - a +3 dagger of speed
 y - a +1 glaive of protection (melded)
 I - a +1 war axe of electrocution
Missiles
 a - 77 arrows
 i - 243 stones (quivered)
 w - 11 poisoned darts
 z - 7 boomerangs
Armour
 u - a scarf of repulsion (melded)
 v - a +2 robe of magic resistance
 C - the +5 ring mail of the Peasants (melded) {rF+ MP+9 Str+6}
   (You found it on level 5 of the Dungeon)

   It affects your strength (+6).
   It protects you from fire.
   It affects your magic capacity (+9).
Jewellery
 l - an amulet of harm (around neck)
 p - a ring of positive energy (left front leg)
 A - an uncursed amulet of guardian spirit
Scrolls
 e - 7 scrolls of identify {unknown}
 g - 2 scrolls of teleportation {unknown}
 h - 3 scrolls of magic mapping {unknown}
 k - 5 scrolls of random uselessness {unknown}
 o - 2 scrolls of blinking {unknown}
 r - a scroll of fear {unknown}
 s - a scroll of immolation {unknown}
 t - a scroll of enchant armour {unknown}
 B - a scroll of remove curse {unknown}
 D - a scroll of enchant weapon {unknown}
 E - a scroll of amnesia {unknown}
 F - a scroll of torment {unknown}
Potions
 b - a potion of heal wounds {unknown}
 c - 2 potions of agility {unknown}
 f - a potion of magic {unknown}
 j - a potion of degeneration {unknown}
 n - a potion of cancellation {unknown}
 q - a potion of brilliance {unknown}
 x - a potion of mutation {unknown}
 G - a potion of curing {unknown}
Comestibles
 d - 18 rations
 H - 3 chunks of flesh


   Skills:
 + Level 3.8 Fighting
 + Level 2.7 Short Blades
 + Level 2.7 Long Blades
 + Level 2.7 Axes
 + Level 2.7 Maces & Flails
 + Level 2.7 Polearms
 + Level 2.7 Staves
 + Level 2.7 Slings
 + Level 2.7 Bows
 + Level 2.7 Crossbows
 + Level 2.7 Throwing
 + Level 2.7 Armour
 + Level 5.4 Dodging
 + Level 2.7 Stealth
 + Level 2.7 Shields
 + Level 7.1 Unarmed Combat
 + Level 5.7 Spellcasting
 + Level 2.2 Conjurations
 + Level 2.2 Hexes
 + Level 2.2 Charms
 + Level 2.2 Summonings
 + Level 2.2 Necromancy
 + Level 2.2 Translocations
 + Level 4.4 Transmutations
 + Level 2.2 Fire Magic
 + Level 2.2 Ice Magic
 + Level 2.2 Air Magic
 + Level 2.2 Earth Magic
 + Level 2.2 Poison Magic
 + Level 3.0 Invocations
 + Level 2.7 Evocations


You had 13 spell levels left.
You knew the following spells:

 Your Spells              Type           Power        Failure   Level  Hunger
u - Spider Form           Tmut/Pois      ##........   28%         3    ###....
y - Beastly Appendage     Tmut           ###...       10%         1    None

Your spell library contained the following spells:

 Spells                   Type           Power        Failure   Level  Hunger
 Sticks to Snakes         Tmut           ###.....     12%         2    #......
 Animate Skeleton         Necr           N/A          17%         1    None
 Apportation              Tloc           ##....       17%         1    None
 Confusing Touch          Hex            ##....       17%         1    None
 Summon Small Mammal      Summ           ##..         17%         1    None
 Ice Form                 Ice/Tmut       ##......     58%         4    ####...
 Blade Hands              Tmut           ###.......   77%         5    ######.


Dungeon Overview and Level Annotations

Branches:
Dungeon (6/15)
 Temple: D:4-7

Altars:
Cheibriados
Elyvilon
Fedhas
Makhleb
Okawaru
Wu Jian

Shops:
D:5 }


Innate Abilities, Weirdness & Mutations

Your experience applies equally to all skills.
((You have very sharp teeth.))
Your uncanny sense of smell can sniff out nearby items.


Message History

The orc warrior is healed somewhat.
You hit the orc warrior but do no damage.
The orc warrior looks as sick as possible!
The orc warrior is lightly wounded.
The orc completely misses you. The orc hits you with a +0 dagger.
You closely miss the orc priest. The orc completely misses you.
The orc barely misses you. The orc warrior completely misses you.
The orc priest hits you with a +0 dagger.
The orc throws a boomerang.
The boomerang completely misses you.
You barely miss the orc warrior.
The orc warrior is moderately wounded.
The orc hits you but does no damage. The orc priest closely misses you.
The orc warrior hits you with a +0 hand axe!
* * * LOW HITPOINT WARNING * * *
You hit the orc priest.
The orc priest is poisoned.
The orc priest is moderately wounded.
The orc misses you. The orc hits you but does no damage.
The orc priest mumbles some strange prayers to Beogh against you.
Beogh smites you!
You die...

#.. ###...# #.. #.....
##########.. . ###....#
#.........## .. #.....?#
#........... ...###.#....#
#.........##
..(.........###......<..##
..............#.........##
.......o.s......###.######
.......o........###.# #
.......oo...##.>...÷# #
............##......## #
............######...# #
.........(..# ###÷.#####
#.#.#.#.#....# #..÷.....#
#.......##....###...>....#
.....#####....##.........


You could see an orc warrior, an orc priest and 2 orcs.

Vanquished Creatures
  An ice beast (D:5)
  An ogre (D:3)
  Blork the orc (D:5)
  A bullfrog (D:6)
  A crimson imp (D:4)
  An orc priest (D:4)
  A hound (D:5)
  3 orc wizards
  Jessica (D:2)
  2 iguanas
  A worker ant (D:4)
  A killer bee zombie (D:5)
  5 gnolls
  4 adders
  2 adder skeletons
  3 worms
  A dart slug (D:1)
  5 leopard geckos
  8 orcs
  11 bats
  4 giant cockroaches
  10 goblins
  12 hobgoblins
  14 jackals
  4 quokkas
  2 ball pythons
  4 frilled lizards
  A giant cockroach zombie (D:5)
  10 kobolds
  A quokka zombie (D:6)
  8 rats
124 creatures vanquished.

Notes
Turn   | Place    | Note
-------+----------+-------------------------------------------
     0 | D:1      | FishyPogo the Gnoll Transmuter began the quest for the Orb.
     0 | D:1      | Reached XP level 1. HP: 17/17 MP: 6/6
    83 | D:1      | Found an iron altar of Okawaru.
    94 | D:1      | Reached XP level 2. HP: 21/23 MP: 5/7
   106 | D:1      | Became a worshipper of Warmaster Okawaru
   201 | D:1      | Reached XP level 3. HP: 28/28 MP: 7/9
   207 | D:1      | Reached skill level 5 in Spellcasting
   303 | D:1      | Learned a level 3 spell: Spider Form
   361 | D:1      | Reached skill level 1 in Invocations
   954 | D:2      | Reached skill level 1 in Short Blades
   954 | D:2      | Reached skill level 1 in Long Blades
   954 | D:2      | Reached skill level 1 in Axes
   954 | D:2      | Reached skill level 1 in Maces & Flails
   954 | D:2      | Reached skill level 1 in Polearms
   954 | D:2      | Reached skill level 1 in Staves
   954 | D:2      | Reached skill level 1 in Slings
   954 | D:2      | Reached skill level 1 in Bows
   954 | D:2      | Reached skill level 1 in Crossbows
   954 | D:2      | Reached skill level 1 in Throwing
   954 | D:2      | Reached skill level 1 in Armour
   954 | D:2      | Reached skill level 1 in Stealth
   954 | D:2      | Reached skill level 1 in Shields
   954 | D:2      | Reached skill level 1 in Evocations
   962 | D:2      | Reached XP level 4. HP: 30/34 MP: 2/11
   979 | D:2      | Reached skill level 1 in Conjurations
   979 | D:2      | Reached skill level 1 in Hexes
   979 | D:2      | Reached skill level 1 in Charms
   979 | D:2      | Reached skill level 1 in Summonings
   979 | D:2      | Reached skill level 1 in Necromancy
   979 | D:2      | Reached skill level 1 in Translocations
   979 | D:2      | Reached skill level 1 in Fire Magic
   979 | D:2      | Reached skill level 1 in Ice Magic
   979 | D:2      | Reached skill level 1 in Air Magic
   979 | D:2      | Reached skill level 1 in Earth Magic
   979 | D:2      | Reached skill level 1 in Poison Magic
  1183 | D:2      | Noticed Jessica
  1188 | D:2      | Killed Jessica
  1188 | D:2      | Reached XP level 5. HP: 30/40 MP: 8/12
  1334 | D:2      | Found a burning altar of Makhleb.
  1631 | D:3      | Noticed an ogre
  1643 | D:3      | Killed an ogre
  1643 | D:3      | Reached * piety under Okawaru
  1643 | D:3      | Reached XP level 6. HP: 47/47 MP: 6/13
  1706 | D:3      | Found a burning altar of Makhleb.
  2062 | D:3      | Found a snail-covered altar of Cheibriados.
  2095 | D:3      | Found an ornate altar of the Wu Jian Council.
  2566 | D:4      | Reached skill level 5 in Dodging
  3046 | D:5      | Entered Level 5 of the Dungeon
  3068 | D:5      | Reached XP level 7. HP: 52/52 MP: 13/15
  3121 | D:5      | Reached skill level 7 in Unarmed Combat
  3152 | D:5      | Found a blossoming altar of Fedhas.
  3251 | D:5      | Found a white marble altar of Elyvilon.
  3339 | D:5      | Noticed Blork the orc
  3350 | D:5      | Killed Blork the orc
  3374 | D:5      | Got an encrusted ring mail
  3385 | D:5      | Identified the +5 ring mail of the Peasants {rF+ MP+9
                  | Str+6} (You found it on level 5 of the Dungeon)
  3561 | D:5      | Found Inleseb's Gadget Boutique.
  3815 | D:6      | Reached ** piety under Okawaru
  3910 | D:6      | Killed from afar by an orc priest

Levels and vault maps discovered:
D:1:      elethiomel_arrival_fortress_basement, layout_basic,
          okawaru_ov_weapons_minmay
D:2:      layout_loops_ring, lightli_temple_of_fire, corner_web_ring,
          uniq_jessica
D:3:      layout_loops_corners, cheibriados_altar_1, lemuel_crystal_altar,
          bloody_makhleb
D:4:      layout_loops_ring, first_ration, roderic_serpentine_path
D:5:      layout_loops_ring, lemuel_crystal_altar, elyvilon_altar_4,
          serial_shops, shop, uniq_blork_the_orc
D:6:      layout_rooms, gammafunk_ghost_arena

Skill      XL: |  1  2  3  4  5  6  7 |
---------------+----------------------+-----
Spellcasting   | 5 |  5.7
Invocations    | 1 2 3 |  3.0
Short Blades   | 1 2 |  2.7
Long Blades    | 1 2 |  2.7
Axes           | 1 2 |  2.7
Maces & Flails | 1 2 |  2.7
Polearms       | 1 2 |  2.7
Staves         | 1 2 |  2.7
Slings         | 1 2 |  2.7
Bows           | 1 2 |  2.7
Crossbows      | 1 2 |  2.7
Throwing       | 1 2 |  2.7
Armour         | 1 2 |  2.7
Stealth        | 1 2 |  2.7
Shields        | 1 2 |  2.7
Evocations     | 1 2 |  2.7
Conjurations   | 1 2 |  2.2
Hexes          | 1 2 |  2.2
Charms         | 1 2 |  2.2
Summonings     | 1 2 |  2.2
Necromancy     | 1 2 |  2.2
Translocations | 1 2 |  2.2
Fire Magic     | 1 2 |  2.2
Ice Magic      | 1 2 |  2.2
Air Magic      | 1 2 |  2.2
Earth Magic    | 1 2 |  2.2
Poison Magic   | 1 2 |  2.2
Fighting       | 3 |  3.8
Transmutations | 4 |  4.4
Dodging        | 5 |  5.4
Unarmed Combat | 7 |  7.1

Action                   |  1- 3 |  4- 6 |  7- 9 || total
-------------------------+-------+-------+-------++-------
Melee: Unarmed           |    90 |   148 |    43 ||   281
       Bite              |     4 |     4 |     8 ||    16
       Headbutt          |     4 |       |     3 ||     7
       Kick              |     3 |     1 |     5 ||     9
       Punch             |     1 |     3 |     1 ||     5
       Glaive            |       |       |    32 ||    32
 Cast: Beastly Appendage |    11 |     5 |     4 ||    20
       Spider Form       |     3 |    24 |     5 ||    32
 Stab: Sleeping          |     1 |    11 |     3 ||    15
  Eat: Chunk             |       |     9 |     3 ||    12
Armor: Robe              |    14 |     8 |     5 ||    27
       Skin              |       |     6 |     3 ||     9
       Ring mail         |       |       |    14 ||    14
Dodge: Dodged            |    87 |   129 |    73 ||   289
       Deflected         |       |       |     2 ||     2
